 Dungeon Crawl Stone Soup version 0.29-a0-234-g0dae59b3db (webtiles) character file.

Game seed: 16517743024004989348

6526 n8rtot the Grappler (level 10, -1/141 HPs)
             Began as a Troll Berserker on Mar 2, 2022.
             Was a High Priest of Trog.
             Slain by an orc warrior
             ... wielding a +0 glaive
              (22 damage)
             ... on level 9 of the Dungeon.
             The game lasted 00:57:15 (9758 turns).

n8rtot the Grappler (Troll Berserker)               Turns: 9758, Time: 00:57:15

Health: -1/141     AC:  9    Str: 31    XL:     10   Next: 69%
Magic:  9/9        EV: 19    Int:  3    God:    Trog [*****.]
Gold:   535        SH:  0    Dex:  9    Spells: 9/9 levels left

rFire   . . .      SeeInvis .     - Unarmed
rCold   . . .      Faith    .   (no shield)
rNeg    . . .      Spirit   .   g - +1 acid dragon scales
rPois   .          Reflect  .   (helmet restricted)
rElec   .          Harm     .   (no cloak)
rCorr   +          Rampage  .   (gloves unavailable)
Will    .....                   (boots unavailable)
Stlth   ..........              h - amulet of magic regeneration
HPRegen 1.13/turn               o - +4 ring of evasion
MPRegen 0.51/turn               E - +4 ring of evasion

@: berserking (expiring), very quick
A: large, unfitting armour, claws 3, regeneration 1, shaggy fur 1, tough skin 1
a: Renounce Religion, Berserk, Trog's Hand, Brothers in Arms


You were on level 9 of the Dungeon.
You worshipped Trog.
Trog was extremely pleased with you.
You visited 2 branches of the dungeon, and saw 10 of its levels.
You also visited: Bailey.

You collected 535 gold pieces.

Inventory:

Hand Weapons
 k - a +0 hunting sling
 r - a +0 morningstar of flaming
 x - a +0 giant club
 y - a +4 vampiric flail
 z - a +0 shortbow
 C - a +4 hand axe
Missiles
 b - 246 stones
 c - 27 poisoned darts
 v - 5 large rocks (quivered)
 F - a throwing net
Armour
 a - a +2 animal skin
 g - +1 acid dragon scales (worn)
Jewellery
 d - a ring of magical power
 h - an amulet of magic regeneration (around neck)
 o - a +4 ring of evasion (left claw)
 t - a +6 ring of intelligence
 E - a +4 ring of evasion (right claw)
Wands
 p - a wand of paralysis (13)
 u - a wand of polymorph (5)
Scrolls
 f - 2 scrolls of fear
 i - a scroll of amnesia
 j - 4 scrolls of vulnerability
 q - a scroll of immolation {unknown}
 w - a scroll of brand weapon
Potions
 e - 6 potions of haste
 l - 2 potions of lignification
 m - 2 potions of flight
 n - 2 potions of degeneration
 s - a potion of curing
 A - 2 potions of ambrosia
 B - a potion of berserk rage
 D - a potion of brilliance


   Skills:
 + Level 4.5 Fighting
 + Level 0.3 Maces & Flails
 + Level 0.5 Armour
 + Level 7.6 Dodging
 + Level 2.2 Stealth
 + Level 12.8 Unarmed Combat


You had 9 spell levels left.
You didn't know any spells.
Your spell library contained the following spells:

 Spells                   Type           Power      Damage    Failure   Level
 Summon Small Mammal      Summ           0%         N/A       58%         1
 Call Canine Familiar     Summ           0%         N/A       91%         3
 Conjure Flame            Conj/Fire      0%         6-21      91%         3
 Ignite Poison            Fire/Tmut/Pois 0%         N/A       91%         3
 Mephitic Cloud           Conj/Pois/Air  0%         N/A       91%         3
 Summon Guardian Golem    Hex/Summ       0%         N/A       91%         3
 Sticky Flame             Conj/Fire      0%         2d3       100%        4
 Summon Ice Beast         Ice/Summ       0%         N/A       100%        4
 Simulacrum               Ice/Necr       0%         N/A       100%        6
 Chain Lightning          Conj/Air       0%         N/A       100%        9
 Fire Storm               Conj/Fire      0%         5d1       100%        9
 Shatter                  Erth           0%         3d5*      100%        9


Dungeon Overview and Level Annotations

Branches:
Dungeon (9/15)             Temple (0/1) D:4            Lair (0/6) D:8
    Orc (1/2) D:9          Bailey (visited)

Altars:
Zin

Shops:
D:3 :


Innate Abilities, Weirdness & Mutations

You are too large for most types of armour.
You have claws for hands.
Your natural rate of healing is unusually fast.
You are covered in fur. (AC +1)
You have tough skin. (AC +1)


Message History

The orc wizard is moderately wounded.
The orc warrior hits you from afar with a +0 glaive!
The orc warrior hits you with a +0 glaive!
The orc misses you. The orc completely misses you.
You claw the orc wizard!
You kill the orc wizard!
Trog accepts your kill.
Trog appreciates your killing of a magic user.
An orc comes into view. It is wielding a +0 hand axe.
The orc completely misses you. The orc barely misses you.
The orc warrior closely misses you.
The orc warrior hits you from afar with a +0 glaive!
The orc misses you.
A red film seems to cover your vision as you go berserk!
You feel yourself moving faster!
You feel mighty!
The orc shouts!
You hear a shout! x3
The orc warrior barely misses you. The orc misses you.
The orc warrior misses you. The orc hits you with a +0 falchion.
The orc completely misses you.
You mangle the orc!!
You kill the orc!
Trog accepts your kill.
You closely miss the orc. The orc misses you. x2
The orc warrior hits you with a +0 glaive!
The orc warrior hits you from afar with a +0 glaive!!
* * * LOW HITPOINT WARNING * * *
You barely miss the orc. The orc misses you. The orc completely misses you. x2
The orc warrior hits you from afar with a +0 glaive.
* * * LOW HITPOINT WARNING * * *
The orc warrior hits you with a +0 glaive!
* * * LOW HITPOINT WARNING * * *
You climb upwards.
Welcome back to the Dungeon!
You feel a strong urge to attack something.
There is a staircase to the Orcish Mines here.
You mangle the orc!!
You kill the orc!
Trog accepts your kill. The orc completely misses you.
The orc warrior hits you with a +0 glaive!!
You die...

.....## #............###..##
#....# ############...# ##..#
##...#######....## #).## ##..
#....##.........### ##)## ##.
#........####.....####.))# ##
##.......##.....8.....#...## #
#........##...........#[)..###
#........#......o.....)).....####
.....###...8...o@)...8...##......
.....####.......o........#####...
......#####...........#..# ###.
.####..## #.....8.....#.## #. <#
##..######.....####.## #. .##
##..##......######..# #. ..##
#.........### #....#######. ...##
##..........###....##...##.
##..## ##.............#.....#..#.


You could see an orc warrior and 2 orcs.

Vanquished Creatures
  A manticore (D:8)
  An elephant (D:8)
  Maggie (D:7)
  A troll (D:8)
  3 wyverns
  A steam dragon (D:8)
  2 acid dragons
  2 water moccasins
  5 orc warriors
  3 black bears
  2 ice beasts
  3 ogres
  2 phantoms
  2 centaurs
  2 kobold brigands
  2 bullfrogs
  A necrophage (D:5)
  A gnoll sergeant (D:9)
  3 scorpions
  4 wights (D:8)
  4 killer bees (D:7)
  5 howler monkeys
  3 jellies
  6 hounds
  5 orc priests
  3 gnoll shamans
  Natasha (thrice) (D:2)
  5 orc wizards
  20 gnolls
  9 adders
  2 white imps
  An ufetubus (D:4)
  4 worms
  3 dart slugs
  50 orcs
  10 ball pythons
  8 bats
  5 endoplasms
  7 giant cockroaches
  19 goblins
  10 hobgoblins
  22 jackals
  5 quokkas
  23 kobolds
  8 rats
282 creatures vanquished.

Vanquished Creatures (collateral kills)
  An orc knight (Bailey)
  2 kobolds (Bailey)
3 creatures vanquished.

Vanquished Creatures (others)
  4 fungi
  3 plants (D:4)
7 creatures vanquished.

Grand Total: 292 creatures vanquished

Notes
Turn   | Place    | Note
-------+----------+-------------------------------------------
     0 | D:1      | n8rtot the Troll Berserker began the quest for the Orb.
     0 | D:1      | Reached XP level 1. HP: 22/22 MP: 0/0
   257 | D:1      | Reached XP level 2. HP: 29/29 MP: 1/1
   504 | D:1      | Reached ** piety under Trog
   505 | D:1      | Reached XP level 3. HP: 36/36 MP: 2/2
  1073 | D:2      | Reached XP level 4. HP: 44/44 MP: 3/3
  1140 | D:2      | Reached skill level 4 in Unarmed Combat
  1271 | D:2      | Noticed Natasha
  1276 | D:2      | Killed Natasha
  1506 | D:2      | Noticed Natasha
  1522 | D:2      | Killed Natasha
  1523 | D:2      | Reached XP level 5. HP: 44/52 MP: 4/4
  1755 | D:2      | Noticed Natasha
  1759 | D:2      | Killed Natasha
  1884 | D:2      | Reached *** piety under Trog
  2166 | D:3      | Found Reuroamn's Book Emporium.
  2240 | D:3      | Reached skill level 5 in Unarmed Combat
  2596 | D:4      | Reached XP level 6. HP: 60/61 MP: 5/5
  2650 | D:4      | Found a staircase to the Ecumenical Temple.
  2804 | D:4      | Reached skill level 6 in Unarmed Combat
  2980 | D:4      | Reached **** piety under Trog
  3190 | D:4      | Reached XP level 7. HP: 61/67 MP: 6/6
  3695 | D:4      | Reached skill level 7 in Unarmed Combat
  4125 | D:5      | Entered Level 5 of the Dungeon
  4185 | D:5      | Reached XP level 8. HP: 70/75 MP: 7/7
  4210 | D:5      | Reached skill level 5 in Dodging
  4303 | D:5      | Reached ***** piety under Trog
  4751 | D:5      | Reached skill level 8 in Unarmed Combat
  5060 | D:6      | HP: 2/78 [orc warrior/+0 long sword (6)]
  5284 | D:6      | Reached skill level 1 in Stealth
  5284 | D:6      | Reached skill level 9 in Unarmed Combat
  6041 | D:7      | Reached XP level 9. HP: 84/84 MP: 8/8
  6417 | D:7      | Found a flagged portal.
  6436 | Bailey   | Entered a bailey
  6441 | Bailey   | Noticed an orc warlord
  6498 | Bailey   | Noticed an orc knight
  6508 | Bailey   | Reached skill level 10 in Unarmed Combat
  6523 | Bailey   | Killed an orc knight
  6559 | Bailey   | Found a runed translucent gate.
  6562 | Bailey   | Found a runed translucent gate.
  6566 | Bailey   | Found a runed translucent gate.
  6930 | D:7      | Reached skill level 11 in Unarmed Combat
  7119 | D:7      | Noticed Maggie
  7129 | D:7      | Killed Maggie
  7296 | D:7      | Reached XP level 10. HP: 92/92 MP: 9/9
  7325 | D:8      | Noticed a manticore
  7483 | D:8      | Noticed a catoblepas
  7909 | D:8      | Got the Volume of Frigorific Intoxication
  7919 | D:8      | Noticed an elephant
  7928 | D:8      | Killed an elephant
  8003 | D:8      | Found a staircase to the Lair.
  8056 | D:8      | Reached skill level 12 in Unarmed Combat
  8163 | D:8      | Killed a manticore
  9115 | D:9      | Found a staircase to the Orcish Mines.
  9410 | D:9      | Found a glowing silver altar of Zin.
  9745 | Orc:1    | Entered Level 1 of the Orcish Mines
  9758 | D:9      | Slain by an orc warrior

Illustrated notes

Levels and vault maps discovered:
D:1:      dpeg_arrival_long_road, layout_loops_corners,
          amcnicky_mini_rare_corridor_liquid, minmay_split_cup_small
D:2:      layout_basic, kennysheep_generic_room_16, uniq_natasha
D:3:      layout_basic, serial_glass, glass_columns_c, glass_columns_c,
          serial_shops, nicolae_shop_hallway_plus, lemuel_another_geyser
D:4:      lemuel_castle_with_subvaults [lemuel_castle_interior_carwin_2],
          layout_basic, temple_doors_cd
D:5:      layout_layer_cave
D:6:      layout_layer_cave
D:7:      layout_basic, enter_bailey_5, minmay_diced_spiral, uniq_maggie
D:8:      minmay_diamond_stairs, layout_gridville, david_lair_generic
D:9:      layout_layer_cave, lemuel_crystal_altar, david_orc_2,
          grunt_decor_mini_mirrors, kennysheep_nub
Orc:1:    layout_caves, mines_bat_river

Skill      XL: |  1  2  3  4  5  6  7  8  9 10 |
---------------+-------------------------------+-----
Dodging        | 3 4 6 7 |  7.6
Unarmed Combat | 4 5 6 7 9 11 12 | 12.8
Fighting       | 3 4 |  4.5
Stealth        | 1 2 |  2.2
Maces & Flails | |  0.3
Armour         | |  0.5

Action                   |  1- 3 |  4- 6 |  7- 9 | 10-12 || total
-------------------------+-------+-------+-------+-------++-------
Melee: Unarmed           |   125 |   221 |   344 |   151 ||   841
       Punch             |     1 |     6 |     9 |     8 ||    24
       Giant club        |       |       |    23 |       ||    23
Throw: Large rock        |       |       |     1 |       ||     1
Invok: Trog's Hand       |       |       |     1 |     1 ||     2
       Brothers in Arms  |       |       |     1 |       ||     1
       Berserk           |       |       |       |     1 ||     1
  Use: Scroll            |       |     4 |    11 |     4 ||    19
       Potion            |       |       |     4 |       ||     4
 Stab: Sleeping          |       |     2 |       |       ||     2
       Petrified         |       |       |       |     1 ||     1
Armor: Animal skin       |    53 |    45 |   109 |    14 ||   221
       Acid dragon scale |       |       |       |    11 ||    11
Dodge: Dodged            |    87 |   114 |   379 |   149 ||   729

Table legend: (Time is in decaauts)
 A = Elapsed time spent in this place.
 B = Non-inter-level travel time spent in this place.
 C = Inter-level travel time spent in this place.
 D = Time resting spent in this place.
 E = Time spent auto-exploring this place.
 F = Levels seen in this place.
 G = Mean time per level.
                   A        B        C        D        E       F      G
               +--------+--------+--------+--------+--------+-----+--------+
         Total |   9677 |   9677 |      0 |    818 |   4762 |  11 |  879.7 |
       Dungeon |   9317 |   9317 |      0 |    718 |   4762 |   9 | 1035.2 |
  Orcish Mines |      8 |      8 |      0 |      0 |      0 |   1 |    8.0 |
        Bailey |    351 |    351 |      0 |    100 |      0 |   1 |  351.0 |
               +--------+--------+--------+--------+--------+-----+--------+

Top non-repeatable levels by time:
     D:4: 1538 daAuts
     D:6: 1259 daAuts
     D:8: 1194 daAuts
     D:7: 1068 daAuts
     D:9: 1058 daAuts
     D:2: 968 daAuts
     D:1: 965 daAuts
     D:3: 640 daAuts
     D:5: 624 daAuts
  Bailey: 351 daAuts
   Orc:1: 8 daAuts
